 Dungeon Crawl Stone Soup version 0.31-a0-1009-g454b1f1e0a (webtiles) character file.

Game seed: 14168010943798044361

707 Gynju the Cudgeller (level 7, 0/46 HPs)
             Began as a Gargoyle Fighter on Nov 14, 2023.
             Slain by a yak (8 damage)
             ... on level 5 of the Dungeon.
             The game lasted 00:05:33 (3831 turns).

Gynju the Cudgeller (Gargoyle Fighter)              Turns: 3831, Time: 00:05:34

Health: 0/46       AC: 14    Str: 21    XL:     7   Next: 67%
Magic:  7/7        EV: 10    Int:  9    God:
Gold:   209        SH:  4    Dex:  9    Spells: 6/6 levels left

rFire   . . .        x - +3 mace (venom)
rCold   . . .        c - +0 buckler
rNeg    + + .        s - +2 ring mail {rN+}
rPois   ∞            j - +1 helmet
rElec   +            (no cloak)
rCorr   .            (no gloves)
SInv    .            (no boots)
Will    .....        (no amulet) Stlth
                     (no ring)
HPRegen 0.27/turn    (no ring)
MPRegen 0.10/turn

%: no passive effects
@: no status effects
A: sickness immunity, AC +4, negative energy resistance 1, electricity
resistance, torment resistance 1, petrification resistance
a: no special abilities


You were on level 5 of the Dungeon.
You visited 1 branch of the dungeon, and saw 5 of its levels.

You collected 209 gold pieces.

Inventory:

Hand Weapons
 a - a +0 flail
 x - a +3 mace of venom (weapon)
Armour
 c - a +0 buckler (worn)
 j - a +1 helmet (worn)
 s - a +2 ring mail of positive energy (worn)
Jewellery
 b - a ring of positive energy
 w - an amulet of guardian spirit
Wands
 u - a wand of charming (8)
Scrolls
 e - 4 scrolls of identify {unknown}
 f - a scroll of teleportation {unknown}
 g - a scroll of amnesia {unknown}
 h - 2 scrolls of vulnerability {unknown}
 i - 2 scrolls of revelation {unknown}
 k - 2 scrolls of butterflies {unknown}
 m - a scroll of brand weapon {unknown}
 o - 4 scrolls of fear {unknown}
 t - a scroll of blinking {unknown}
 y - a scroll of silence {unknown}
 B - a scroll of noise {unknown}
Potions
 d - a potion of might
 l - a potion of resistance {unknown}
 n - a potion of magic {unknown}
 p - a potion of haste {unknown}
 q - a potion of cancellation {unknown}
 r - a potion of curing {unknown}
 v - 2 potions of mutation {unknown}
 z - 2 potions of heal wounds {unknown}
 A - a potion of lignification {unknown}


   Skills:
 + Level 6.1 Fighting
 * Level 6.9 Maces & Flails
 - Level 3.2 Armour
 - Level 3.2 Shields


You had 6 spell levels left.
You didn't know any spells.
Your spell library contained the following spells:

 Spells                   Type           Power      Damage    Failure   Level
 Blink                    Tloc           0%         N/A       77%         2
 Lesser Beckoning         Tloc           0%         N/A       77%         2
 Momentum Strike          Conj/Tloc      0%         3d8       77%         2
 Scorch                   Fire           0%         2d5       77%         2
 Hailstorm                Conj/Ice       0%         3d3       94%         3
 Summon Guardian Golem    Hex/Summ       0%         N/A       94%         3
 Flame Wave               Conj/Fire      0%         2d4       100%        4
 Summon Ice Beast         Ice/Summ       0%         N/A       100%        4
 Simulacrum               Ice/Necr       0%         N/A       100%        6
 Summon Cactus Giant      Summ           0%         N/A       100%        6
 Orb of Destruction       Conj           0%         9d5       100%        7
 Spellforged Servitor     Conj/Summ      0%         N/A       100%        7


Dungeon Overview and Level Annotations

Branches:
Dungeon (5/15)
 Temple: D:4-7

Altars:
Ashenzari
Dithmenos
Nemelex Xobeh
Sif Muna


Innate Abilities, Weirdness & Mutations

You are immune to sickness and miasma.
Your stone body is resilient. (AC +4)
You are immune to poison.
You resist negative energy. (rN+)
You are resistant to electric shocks. (rElec)
You are resistant to unholy torment.
You are immune to petrification.


Message History

The yak snorts and paws the ground.
The yak attacks as it pursues you! The yak gores you!
The yak attacks as it pursues you! The yak gores you but does no damage.
The yak attacks as it pursues you! The yak barely misses you.
You see here an adder corpse.
The yak attacks as it pursues you! The yak barely misses you.
The yak attacks as it pursues you! The yak gores you!
The yak attacks as it pursues you! The yak gores you.
There is a stone staircase leading down here.
The yak attacks as it pursues you! You block the yak's attack.
The yak attacks as it pursues you! The yak gores you.
The yak attacks as it pursues you! The yak completely misses you.
The yak attacks as it pursues you! The yak completely misses you.
The yak attacks as it pursues you! The yak gores you.
The yak attacks as it pursues you! The yak gores you but does no damage.
You sock the yak!
The yak looks as sick as possible!
The yak is moderately wounded.
You block the yak's attack.
You sock the yak!
The yak looks as sick as possible!
The yak is severely wounded.
The yak closely misses you. The yak gores you!
* * * LOW HITPOINT WARNING * * *
You closely miss the yak.
The yak is severely wounded.
The yak gores you.
* * * LOW HITPOINT WARNING * * *
The yak gores you but does no damage.
You hit the yak.
The yak looks as sick as possible!
The yak is severely wounded.
The yak closely misses you.
You sock the yak!
You kill the yak!
Your Fighting skill increases to level 6!
You sock the yak!
The yak is moderately wounded.
The yak gores you but does no damage. x2
You closely miss the yak.
The yak is moderately wounded.
The yak gores you!
You die...

..## ......## #..# #...# ...#
#......### ##..# #...# #...#
#........####...#
.....###...# #........#.....#
.......#...# #...............
.# #.......#
##............... .#
#......## #................ #
#......# ##Y......).######.
#### ##....<####@YY......##
##
...###...###...###...##...##
#
....#.###.#.....#.###.#....#
...#...#...#...#...#...##...#
####...#...#####...#...#
#...#
#...#...#...#...#..Y####..###
.#.###.#.....#.###.#..#
#...## .
.###...###...###...##..##
#...# # ....
#.###.#.)...#...## #...


You could see 3 yaks.

Vanquished Creatures
  A yak (D:5)
  An orc warrior (D:3)
  2 ogres
  A howler monkey (D:3)
  An orc priest (D:4)
  An iguana (D:4)
  Natasha (thrice) (D:2)
  6 adders
  3 dart slugs
  6 orcs
  7 ball pythons
  4 bats
  10 endoplasms
  A giant cockroach (D:3)
  4 goblins
  5 hobgoblins
  3 jackals (D:4)
  4 quokkas
  2 frilled lizards
  10 kobolds
  5 rats
80 creatures vanquished.

Notes
Turn   | Place    | Note
-------+----------+-------------------------------------------
     0 | D:1      | Gynju the Gargoyle Fighter began the quest for the Orb.
     0 | D:1      | Reached XP level 1. HP: 14/14 MP: 1/1
   127 | D:1      | Reached XP level 2. HP: 19/19 MP: 2/2
   298 | D:1      | Found a faded altar of an unknown god.
   700 | D:2      | Reached XP level 3. HP: 24/24 MP: 3/3
   759 | D:2      | Found a shimmering blue altar of Sif Muna.
   888 | D:2      | Reached XP level 4. HP: 23/29 MP: 4/4
  1159 | D:2      | Noticed Natasha
  1166 | D:2      | Killed Natasha
  1609 | D:2      | Noticed Natasha
  1622 | D:2      | Killed Natasha
  1623 | D:2      | Reached XP level 5. HP: 31/34 MP: 5/5
  1836 | D:2      | Noticed Natasha
  1843 | D:2      | Killed Natasha
  2069 | D:3      | Found a shadowy altar of Dithmenos.
  2416 | D:3      | Reached skill level 5 in Maces & Flails
  2629 | D:4      | Noticed an orc warrior
  2671 | D:3      | Reached XP level 6. HP: 29/40 MP: 6/6
  2931 | D:3      | Killed an orc warrior
  2932 | D:3      | Reached skill level 5 in Fighting
  3224 | D:4      | Found a broken altar of Ashenzari.
  3327 | D:4      | Reached XP level 7. HP: 36/44 MP: 7/7
  3465 | D:4      | Found a sparkling altar of Nemelex Xobeh.
  3580 | D:5      | Entered Level 5 of the Dungeon
  3777 | D:5      | Noticed a yak
  3777 | D:5      | Noticed a yak
  3778 | D:5      | Noticed a yak
  3778 | D:5      | Noticed a yak
  3779 | D:5      | Noticed a yak
  3829 | D:5      | Killed a yak
  3831 | D:5      | Slain by a yak

Illustrated notes

Levels and vault maps discovered:
D:1:      minmay_arrival_solitary_statue, layout_loops_cross,
          basic_ecumenical_altar
D:2:      layout_loops_ring, basic_altar, kennysheep_generic_room_2,
          uniq_natasha
D:3:      layout_basic, mainiacjoe_overflow_brackets, serial_corexii_hall,
          corexii_hall_statues_s, corexii_hall_statues_x,
          chequers_hall_statues_wall_a, minmay_crystal_water
D:4:      layout_loops_ring, nemelex_xobeh_ov_fountains_minmay,
          evilmike_ruin_ashenzari
D:5:      nicolae_cairo_tiling, layout_layer_cave,
          nicolae_uskayaw_murder_on_the_dancefloor,
          nicolae_hepliaklqana_hippocampus

Skill      XL: |  1  2  3  4  5  6  7 |
---------------+----------------------+-----
Maces & Flails | 3 4 5 6 |  6.9
Fighting       | 4 5 6 |  6.1
Armour         | |  3.2
Shields        | |  3.2

Action                     |  1- 3 |  4- 6 |  7- 9 || total
---------------------------+-------+-------+-------++-------
  Melee: Flail             |    79 |   155 |       ||   234
         Mace              |       |    21 |    29 ||    50
 Armour: Scale mail        |    62 |       |       ||    62
         Ring mail         |       |   142 |    23 ||   165
  Dodge: Dodged            |    47 |    84 |    16 ||   147
  Block: Buckler           |    25 |    31 |    10 ||    66

Table legend: (Time is in decaauts)
 A = Elapsed time spent in this place.
 B = Non-inter-level travel time spent in this place.
 C = Inter-level travel time spent in this place.
 D = Time resting spent in this place.
 E = Time spent auto-exploring this place.
 F = Levels seen in this place.
 G = Mean time per level.
                   A        B        C        D        E       F      G
               +--------+--------+--------+--------+--------+-----+--------+
         Total |   3903 |   3796 |    107 |    327 |   2296 |   5 |  780.6 |
       Dungeon |   3903 |   3796 |    107 |    327 |   2296 |   5 |  780.6 |
               +--------+--------+--------+--------+--------+-----+--------+

Top non-repeatable levels by time:
     D:2: 1215 daAuts
     D:3: 954 daAuts
     D:4: 771 daAuts
     D:1: 709 daAuts
     D:5: 252 daAuts
